 Dungeon Crawl Stone Soup version 0.22-a0-757-gdba82d8 (webtiles) character file.

8 sking99 the Skirmisher (level 2, 24/24 HPs)
             Began as a Demonspawn Fighter on July 16, 2018.
             Quit the game on level 1 of the Dungeon.
             The game lasted 00:00:37 (310 turns).

sking99 the Skirmisher (Demonspawn Fighter)          Turns: 310, Time: 00:00:37

Health: 24/24      AC:  7    Str: 16    XL:     2   Next: 0%
Magic:  2/2        EV:  6    Int:  9    God:
Gold:   20         SH:  8    Dex: 12    Spells: 1/1 levels left

rFire    . . .     SeeInvis .   a - +0 flail
rCold    . . .     Gourm    .   c - +0 shield
rNeg     . . .     Faith    .   b - +0 scale mail
rPois    .         Spirit   .   (no helmet)
rElec    .         Reflect  .   (no cloak)
rCorr    .         Harm     .   i - +0 pair of gloves (curse)
MR       .....                  (no boots)
Stlth    +.........             (no amulet)
HPRegen  0.08/turn              (no ring)
MPRegen  0.08/turn              (no ring)

@: no status effects
A: nightstalker 1
a: no special abilities


You were on level 1 of the Dungeon.
You were not hungry.

You visited 1 branch of the dungeon, and saw 1 of its levels.

You collected 20 gold pieces.

Inventory:

Hand Weapons
 a - a +0 flail (weapon)
Armour
 b - a +0 scale mail (worn)
 c - a +0 shield (worn)
 i - a cursed +0 pair of gloves (worn)
Scrolls
 g - 4 scrolls of remove curse {unknown}
Potions
 d - a potion of might
 e - a potion of invisibility {unknown}
 h - a potion of flight {unknown}
 j - 2 potions of heal wounds {unknown}
Comestibles
 f - 2 rations
 k - a chunk of flesh


   Skills:
 + Level 3.1 Fighting
 * Level 2.1 Maces & Flails
 - Level 2.6 Armour
 + Level 2.8 Shields


You had one spell level left.
You didn't know any spells.
Your spell library was empty.

Dungeon Overview and Level Annotations

Branches:
Dungeon (1/15)

Altars:


Innate Abilities, Weirdness & Mutations

You are slightly more attuned to the shadows.


Message History

The kobold barely misses you.
Your shield and scale mail prevent you from hitting the kobold.
The kobold shouts!
The kobold closely misses you.
You closely miss the kobold. You block the kobold's attack.
The kobold barely misses you.
You closely miss the kobold. The kobold hits you but does no damage.
Your shield prevents you from hitting the kobold.
The kobold barely misses you. The kobold hits you but does no damage.
You barely miss the kobold. The kobold hits you but does no damage.
You hit the kobold.
The kobold is severely wounded.
The kobold completely misses you. You block the kobold's attack.
You sock the kobold!
You kill the kobold!
You have reached level 2!
Your demonic ancestry asserts itself...
You slip into the darkness of the dungeon.
The kobold throws a stone.
You block the stone.
Are you sure you want to abandon this character and quit the game? (Confirm with "yes".)

#.##..### ##.#...#.####
#...........#
#...........#
#.....)...#.#
##.......##.#
...........##.# #..
####.....#.##>####.....
#..#........@.K...#
#..#.......####..##
#.......#..# #
##.###........ #.
##.##.##... # ......#
## ###..... ## ####


You could see a kobold.

Vanquished Creatures
  A dart slug (D:1)
  A hobgoblin (D:1)
  A bat (D:1)
  2 goblins (D:1)
  2 kobolds (D:1)
7 creatures vanquished.

Notes
Turn   | Place    | Note
-------+----------+-------------------------------------------
     0 | D:1      | sking99 the Demonspawn Fighter began the quest for the Orb.
     0 | D:1      | Reached XP level 1. HP: 18/18 MP: 1/1
   309 | D:1      | Gained mutation: You are slightly more attuned to the shadows. [demonic ancestry]
   309 | D:1      | Reached XP level 2. HP: 24/24 MP: 2/2
   310 | D:1      | Quit the game

Vault maps used:
D:1:      scummos_arrival_forest

Skill      XL: |  1 |
---------------+----+-----
Maces & Flails | 2 |  2.1
Fighting       | |  3.1
Armour         | |  2.6
Shields        | |  2.8

Action                   || total
-------------------------++-------
Melee: Flail             ||    21
Armor: Scale mail        ||    14
Dodge: Dodged            ||     8
Block: Shield            ||    11

Table legend:
 A = Spawn XP
 B = Non-spawn XP
 C = Spawn XP percentage of total XP
 D = Spawn monster count
 E = Non-spawn monster count
 F = Spawn count percentage of total count
 G = Total turns spent on level
                    A         B        C        D         E        F      G
               +---------+---------+-------+---------+---------+-------+---------
         Total |       0 |      12 |   0.0 |       0 |       7 |   0.0 |   310
               +---------+---------+-------+---------+---------+-------+---------
           D:1 |       0 |      12 |   0.0 |       0 |       7 |   0.0 |   310
               +---------+---------+-------+---------+---------+-------+---------
